 Dungeon Crawl Stone Soup version 0.21.1-1-g345015f (webtiles) character file.

921 inc the Ducker (level 7, 33/33 HPs)
             Began as a Felid Earth Elementalist on Feb 28, 2018.
             Was an Initiate of Gozag.
             Quit the game on level 9 of the Dungeon.
             The game lasted 00:25:17 (10504 turns).

inc the Ducker (Felid Earth Elementalist)          Turns: 10504, Time: 00:25:18

Health: 33/33      AC:  2    Str:  4    XL:     7   Next: 84%
Magic:  18/18      EV: 22    Int: 18    God:    Gozag
Gold:   332        SH:  0    Dex: 17    Spells: 14/19 levels left
                                        Lives:  0   Deaths: 2

rFire    . . .     SeeInvis +     - Unarmed
rCold    . . .     Gourm    .   (shield unavailable)
rNeg     + . .     Faith    .   (armour unavailable)
rPois    .         Spirit   .   (helmet unavailable)
rElec    .         Reflect  .   (cloak unavailable)
rCorr    +         Harm     +   (gloves unavailable)
MR       +....                  (boots unavailable)
Stlth    +++.......             e - amulet of harm
HPRegen  0.11/turn              h - ring of resist corrosion
MPRegen  0.16/turn              q - ring of positive energy

@: quick
A: very small, no armour, no weapons or thrown items, stealth, claws 1, fangs 3,
see invisible, carnivore, speed 1, shaggy fur 2, slow metabolism 1, sharp paws
a: Potion Petition, Call Merchant, Bribe Branch, Renounce Religion


You were on level 9 of the Dungeon.
You worshipped Gozag.
Gozag was aware of your devotion.
You were not hungry.

You visited 1 branch of the dungeon, and saw 9 of its levels.

You collected 622 gold pieces.
You spent 260 gold pieces at shops.
You paid 30 gold pieces to Gozag.

Inventory:

Jewellery
 e - an amulet of harm (around neck)
 h - a ring of resist corrosion (left paw)
 q - a ring of positive energy (right paw)
 u - an uncursed ring of magical power {unknown}
Wands
 n - a wand of random effects (33)
Scrolls
 a - a scroll of remove curse
 c - a scroll of enchant weapon {unknown}
 f - 5 scrolls of teleportation {unknown}
 j - a scroll of enchant armour
 m - a scroll of blinking
Potions
 b - 2 potions of agility
 i - a potion of berserk rage
 k - 2 potions of flight {unknown}
 p - a potion of might {unknown}
 r - a potion of brilliance {unknown}
Books
 d - a book of Geomancy

   Spells                             Type                      Level
   a - Sandblast                      Earth                        1
   b - Passwall                       Transmutation/Earth          2
   c - Stone Arrow                    Conjuration/Earth            3
   d - Petrify                        Transmutation/Earth          4
   e - Lee's Rapid Deconstruction     Earth                        5
 t - a book of Minor Magic

   Spells                             Type                      Level
   a - Magic Dart                     Conjuration                  1
   b - Blink                          Translocation                2
   c - Call Imp                       Summoning                    2
   d - Slow                           Hexes                        2
   e - Conjure Flame                  Conjuration/Fire             3
   f - Mephitic Cloud                 Conjuration/Poison/Air       3


   Skills:
 - Level 5.5 Fighting
 - Level 7.1 Dodging
 - Level 2.6 Stealth
 - Level 2.0 Unarmed Combat
 + Level 6.9 Spellcasting
 - Level 4.7 Conjurations
   Level 1.1 Transmutations
 - Level 4.4 Earth Magic


You had 14 spell levels left.
You knew the following spells:

 Your Spells              Type           Power        Failure   Level  Hunger
a - Sandblast             Erth           ###...       1%          1    None
b - Stone Arrow           Conj/Erth      ###...       4%          3    ##.....
c - Magic Dart            Conj           ###.         1%          1    None


Dungeon Overview and Level Annotations

Branches:
Dungeon (9/15)             Temple (0/1) D:5            Lair (0/6) D:8
    Orc: D:9-12

Altars:
Fedhas
Gozag
Nemelex Xobeh
Okawaru
Ru
Uskayaw
Zin

Shops:
D:4 :   D:7 :

Annotations:
D:4 Grinder


Innate Abilities, Weirdness & Mutations

You cannot wear armour.
You are incapable of wielding weapons or throwing items.
Your paws allow you to move quietly. (Stealth)
You have sharp claws.
You have razor-sharp teeth.
You have supernaturally acute eyesight. (SInv)
You are carnivorous and can eat meat at any time.
You cover ground quickly.
You are covered in thick fur. (AC +2)
You have a slow metabolism.
Your sharp claws are effective at attacking unaware monsters.


Message History

The magic dart hits the centaur.
The centaur wields a shortbow.
The centaur shoots an arrow.
The arrow hits you!
The centaur shoots an arrow.
The arrow hits you!
* * * LOW HITPOINT WARNING * * *
You see here a giant spiked club.
The centaur shoots an arrow.
The arrow hits you but does no damage.
The centaur shoots an arrow.
The arrow completely misses you.
You see here an arrow.
The centaur shoots an arrow.
The arrow hits you.
* * * LOW HITPOINT WARNING * * *
You see here an arrow.
The centaur shoots an arrow.
The arrow closely misses you.
You see here an arrow.
The centaur shoots an arrow.
The arrow misses you.
There is a stone staircase leading up here.
The centaur shoots an arrow.
The arrow hits you!
You stop ascending the stairs.
You die...
You are now level 7!
You rejoin the land of the living...
Are you sure you want to abandon this character and quit the game? (Confirm with "yes".)

# #.# #.# # #.# #.# #
#.# #.# # #.# #.# #
#.####.#######
######.....<......# #
....(..........##.###...
###########.##..........
#.....@.......
#######.###.## ... . $
####


There were no monsters in sight!

Vanquished Creatures
  A deep elf mage (D:6)
  A hornet (D:9)
  A hippogriff (D:7)
  A slave (D:4)
  An orc warrior (D:7)
  2 sky beasts
  3 ogres
  2 centaurs
  2 bullfrogs
  2 wights (D:7)
  A bullfrog zombie (D:5)
  A quasit (D:7)
  4 hounds
  An orc priest (D:4)
  An orc wizard (D:4)
  2 bullfrog skeletons (D:4)
  A centaur skeleton (D:4)
  2 iguanas (D:4)
  3 worker ants
  A hound zombie (D:6)
  2 hound skeletons (D:4)
  12 adders
  3 howler monkey skeletons
  3 gnolls (D:6)
  A shadow imp (D:6)
  2 oozes
  An adder skeleton (D:4)
  A worm (D:3)
  7 dart slugs
  5 leopard geckos
  18 orcs
  A ball python (D:1)
  9 bats
  6 giant cockroaches
  8 goblins
  10 hobgoblins
  14 jackals
  7 quokkas
  7 frilled lizards
  6 kobolds
  A leopard gecko zombie (D:5)
  A quokka skeleton (D:2)
  18 rats
176 creatures vanquished.

Vanquished Creatures (others)
  A fungus (D:8)
1 creature vanquished.

Grand Total: 177 creatures vanquished

Notes
Turn   | Place    | Note
-------+----------+-------------------------------------------
     0 | D:1      | inc the Felid Earth Elementalist began the quest for the Orb.
     0 | D:1      | Reached XP level 1. HP: 7/7 MP: 4/4
   212 | D:1      | Reached XP level 2. HP: 3/11 MP: 3/6
   494 | D:1      | Reached skill level 1 in Unarmed Combat
   774 | D:1      | Reached XP level 3. HP: 14/14 MP: 2/7
   779 | D:1      | Learned a level 3 spell: Stone Arrow
  1189 | D:1      | Reached skill level 1 in Conjurations
  1552 | D:2      | Reached XP level 4. HP: 14/18 MP: 4/8
  1690 | D:2      | Found an opulent altar of Gozag.
  2868 | D:3      | Reached XP level 5. HP: 18/21 MP: 9/9
  3309 | D:3      | Found an iron altar of Okawaru.
  4068 | D:3      | Found a sacrificial altar of Ru.
  4427 | D:4      | Found a hide-covered altar of Uskayaw.
  4576 | D:4      | Gained mutation: You are covered in thick fur. (AC +2) [Felid growth]
  4576 | D:4      | Reached XP level 6. HP: 24/24 MP: 0/10
  4874 | D:4      | Found Piono's Book Shoppe.
  4913 | D:2      | Became a worshipper of Gozag Ym Sagoz the Greedy
  5016 | D:4      | Noticed Grinder
  5381 | D:4      | Noticed a slave
  5437 | D:4      | Paralysed by Grinder for 6 turns
  5480 | D:5      | Entered Level 5 of the Dungeon
  5785 | D:5      | Found a staircase to the Ecumenical Temple.
  5833 | D:5      | Reached XP level 7. HP: 27/27 MP: 2/13
  7387 | D:6      | Noticed a deep elf mage
  7390 | D:6      | Killed a deep elf mage
  7390 | D:6      | Reached XP level 8. HP: 31/31 MP: 6/18
  7662 | D:4      | Bought a book of Minor Magic for 260 gold pieces
  7664 | D:4      | Learned a level 1 spell: Magic Dart
  8138 | D:6      | Reached skill level 3 in Dodging
  8195 | D:6      | Reached skill level 4 in Dodging
  8209 | D:6      | Reached skill level 5 in Dodging
  8401 | D:6      | Slain by an orc warrior
  8402 | D:6      | Reached XP level 7. HP: 0/27 MP: 9/18
  8446 | D:7      | Noticed a hippogriff
  8456 | D:7      | Killed a hippogriff
  8456 | D:7      | Reached skill level 7 in Dodging
  8659 | D:7      | Found Duedeo's Book Emporium.
  8937 | D:7      | Found an opulent altar of Gozag.
  8937 | D:7      | Found a sparkling altar of Nemelex Xobeh.
  8943 | D:7      | Reached skill level 1 in Fighting
  8943 | D:7      | Reached XP level 8. HP: 33/33 MP: 9/19
  9060 | D:7      | Noticed a troll
 10252 | D:8      | Found a blossoming altar of Fedhas.
 10252 | D:8      | Found a glowing silver altar of Zin.
 10357 | D:9      | Noticed a hornet
 10376 | D:9      | Killed a hornet
 10376 | D:9      | Reached skill level 5 in Fighting
 10503 | D:9      | Shot with an arrow by a centaur
 10504 | D:9      | Reached XP level 7. HP: -8/33 MP: 18/18
 10504 | D:9      | Quit the game

Skill      XL: |  1  2  3  4  5  6  7  8 |
---------------+-------------------------+-----
Earth Magic    | 3 4 |  4.4
Unarmed Combat | 2 |  2.0
Conjurations   | 1 3 4 |  4.7
Spellcasting   | 3 6 |  6.9
Dodging        | 7 5 |  7.1
Fighting       | 1 5 |  5.5
Stealth        | |  2.6
Transmutations | |  1.1

Action                   |  1- 3 |  4- 6 |  7- 9 || total
-------------------------+-------+-------+-------++-------
Melee: Unarmed           |     6 |    92 |     9 ||   107
       Bite              |       |     7 |       ||     7
       Punch             |       |     1 |       ||     1
 Cast: Sandblast         |    64 |    34 |    48 ||   146
       Stone Arrow       |       |    67 |    51 ||   118
       Magic Dart        |       |       |    76 ||    76
  Use: Scroll            |       |     3 |     5 ||     8
       Potion            |       |       |     2 ||     2
 Stab: Sleeping          |     4 |     4 |     1 ||     9
       Distracted        |       |     1 |       ||     1
  Eat: Chunk             |     8 |     9 |       ||    17
       Ration            |       |       |     5 ||     5
Armor: Skin              |     2 |     5 |     5 ||    12
Dodge: Dodged            |    13 |   104 |    99 ||   216
